 Dungeon Crawl Stone Soup version 0.30-a0-371-gad7725a93e (webtiles) character file.

Game seed: 9249296216421873525

115 Maxmaps the Slasher (level 5, -4/41 HPs)
             Began as a Formicid Monk on Nov 20, 2022.
             Slain by Edmund
             ... wielding a +2 flail of protection
              (12 damage)
             ... on level 4 of the Dungeon.
             The game lasted 00:02:23 (2674 turns).

Maxmaps the Slasher (Formicid Monk)                 Turns: 2674, Time: 00:02:24

Health: -4/41      AC:  7    Str: 15    XL:     5   Next: 20%
Magic:  5/5        EV: 11    Int: 12    God:
Gold:   109        SH:  5    Dex: 16    Spells: 4/4 levels left

rFire   . . .      SeeInvis +    j - +0 whip (venom)
rCold   . . .      Faith    .    (no shield)
rNeg    . . .      Spirit   .    g - +0 ring mail
rPois   .          Reflect  +    (helmet unavailable)
rElec   .          Harm     .    r - +0 cloak
rCorr   .          Rampage  .    (no gloves)
Will    +....                    t - +0 pair of boots
Stlth   ++........               s - amulet of reflection
HPRegen 0.26/turn                b - ring of willpower
MPRegen 0.09/turn                (no ring)

@: no status effects
A: permanent stasis, dig shafts and tunnels, antennae 3, four strong arms
a: Dig, Shaft Self


You were on level 4 of the Dungeon.
You visited 1 branch of the dungeon, and saw 4 of its levels.

You collected 109 gold pieces.

Inventory:

Hand Weapons
 a - a +0 falchion
 j - a +0 whip of venom (weapon)
 o - a +2 trident of freezing
Armour
 g - a +0 ring mail (worn)
 r - a +0 cloak (worn)
 t - a +0 pair of boots (worn)
Jewellery
 b - a ring of willpower (left hand)
 s - an amulet of reflection (around neck)
Wands
 q - a wand of charming (7)
Scrolls
 h - a scroll of amnesia {unknown}
 k - 5 scrolls of identify {unknown}
 l - a scroll of enchant armour {unknown}
 m - a scroll of blinking {unknown}
 n - 2 scrolls of silence {unknown}
 p - 2 scrolls of enchant weapon {unknown}
Potions
 c - 2 potions of ambrosia
 d - 2 potions of lignification {unknown}
 e - a potion of attraction {unknown}
 f - a potion of might {unknown}
 i - 4 potions of degeneration {unknown}


   Skills:
 - Level 3.2 Fighting
 - Level 5.2 Long Blades
 - Level 1.0 Maces & Flails
 + Level 1.0 Armour
 - Level 2.6 Dodging
 - Level 2.4 Stealth


You had 4 spell levels left.
You didn't know any spells.
Your spell library contained the following spells:

 Spells                   Type           Power      Damage    Failure   Level
 Slow                     Hex            0%         N/A       54%         1
 Call Canine Familiar     Summ           0%         N/A       89%         3
 Confusing Touch          Hex            0%         N/A       89%         3
 Portal Projectile        Hex/Tloc       0%         N/A       89%         3
 Vampiric Draining        Necr           0%         2d6       89%         3
 Leda's Liquefaction      Hex/Erth       0%         N/A       100%        4


Dungeon Overview and Level Annotations

Branches:
Dungeon (4/15)
 Temple: D:4-7

Altars:

Annotations:
D:4 Edmund


Innate Abilities, Weirdness & Mutations

You cannot be hasted, slowed, berserked, paralysed or teleported.
You can dig through walls and to a lower floor.
You have a pair of large antennae on your head. (SInv)
Your four strong arms can wield two-handed weapons with a shield.


Message History

You hit Edmund but do no damage.
Edmund looks as sick as possible!
Edmund barely misses you.
You hit Edmund but do no damage.
Edmund is lightly wounded.
Edmund hits you with a +2 flail of protection.
You barely miss Edmund.
Edmund is lightly wounded.
Edmund barely misses you.
You hit Edmund.
Edmund is lightly wounded.
Edmund hits you with a +2 flail of protection.
You barely miss Edmund.
Edmund is lightly wounded.
Edmund hits you with a +2 flail of protection!
You hit Edmund.
Edmund looks as sick as possible!
Edmund is moderately wounded.
Edmund closely misses you.
You hit Edmund but do no damage.
Edmund looks as sick as possible!
Edmund is moderately wounded.
Edmund hits you with a +2 flail of protection.
You closely miss Edmund.
Edmund is moderately wounded.
Edmund hits you with a +2 flail of protection.
Edmund attacks as you move away! Edmund closely misses you.
Edmund attacks as you move away!
Edmund hits you with a +2 flail of protection.
Edmund attacks as you move away! You block Edmund's attack.
Edmund attacks as you move away! Edmund hits you but does no damage.
Edmund attacks as you move away! Edmund barely misses you.
Edmund attacks as you move away! Edmund hits you but does no damage.
Edmund attacks as you move away!
Edmund hits you with a +2 flail of protection!
* * * LOW HITPOINT WARNING * * *
You hit Edmund but do no damage.
Edmund looks as sick as possible!
Edmund is severely wounded.
You block Edmund's attack.
You hit Edmund.
Edmund is severely wounded.
Edmund hits you with a +2 flail of protection!
You die...

##...........................
##...............................
##...............................
##...............................
##...............................
##...............................
# ........................ .
........................
.......@@...............
........................
...................#####
...................#
...................#
...#....#######..### ...####.#
#.## ## .. #.# #.# #.
.#######.##### #.


You could see Edmund (extremely poisoned).

Vanquished Creatures
  Ijyb (D:3)
  2 adders
  2 worms
  2 dart slugs
  An orc (D:3)
  6 bats
  5 endoplasms
  2 giant cockroaches
  5 goblins
  2 hobgoblins
  9 jackals
  A quokka (D:2)
  6 ball pythons
  4 frilled lizards (D:2)
  4 kobolds (D:1)
  3 rats
55 creatures vanquished.

Notes
Turn   | Place    | Note
-------+----------+-------------------------------------------
     0 | D:1      | Maxmaps the Formicid Monk began the quest for the Orb.
     0 | D:1      | Reached XP level 1. HP: 18/18 MP: 1/1
   135 | D:1      | Reached XP level 2. HP: 5/24 MP: 2/2
   494 | D:1      | Reached skill level 4 in Long Blades
   494 | D:1      | Reached XP level 3. HP: 29/29 MP: 3/3
  1045 | D:2      | Reached skill level 1 in Maces & Flails
  1456 | D:2      | Reached XP level 4. HP: 23/35 MP: 4/4
  1880 | D:3      | Found a faded altar of an unknown god.
  1999 | D:3      | Identified the +0 leather armour of Hure {rPois}
  2212 | D:3      | Noticed Ijyb
  2229 | D:3      | Killed Ijyb
  2230 | D:3      | Reached skill level 5 in Long Blades
  2230 | D:3      | Reached XP level 5. HP: 34/41 MP: 5/5
  2538 | D:4      | Reached skill level 1 in Armour
  2639 | D:4      | Noticed Edmund
  2674 | D:4      | Slain by Edmund

Illustrated notes

Levels and vault maps discovered:
D:1:      dpeg_chamrin_arrival_tetris, layout_basic, corexii_leaking_fountain
D:2:      layout_basic, chequers_serial_rivers_small_a, grunt_ministairs_4
D:3:      layout_basic, nicolae_ecumenical_pavilion,
          dreamdust_princess_corridor, uniq_ijyb
D:4:      layout_basic, wad_floor_pattern_2, uniq_edmund

Skill      XL: |  1  2  3  4  5 |
---------------+----------------+-----
Long Blades    | 4 5 |  5.2
Maces & Flails | 1 |  1.0
Armour         | 1 |  1.0
Fighting       | |  3.2
Dodging        | |  2.6
Stealth        | |  2.4

Action                   |  1- 3 |  4- 6 || total
-------------------------+-------+-------++-------
Melee: Falchion          |    59 |       ||    59
       Whip              |    61 |    79 ||   140
 Stab: Sleeping          |     5 |     1 ||     6
Armor: Robe              |    22 |       ||    22
       Ring mail         |    29 |    25 ||    54
Dodge: Dodged            |    98 |    48 ||   146
Block: Other             |       |     2 ||     2

Table legend: (Time is in decaauts)
 A = Elapsed time spent in this place.
 B = Non-inter-level travel time spent in this place.
 C = Inter-level travel time spent in this place.
 D = Time resting spent in this place.
 E = Time spent auto-exploring this place.
 F = Levels seen in this place.
 G = Mean time per level.
                   A        B        C        D        E       F      G
               +--------+--------+--------+--------+--------+-----+--------+
         Total |   2689 |   2537 |    152 |     77 |   1899 |   4 |  672.2 |
       Dungeon |   2689 |   2537 |    152 |     77 |   1899 |   4 |  672.2 |
               +--------+--------+--------+--------+--------+-----+--------+

Top non-repeatable levels by time:
     D:2: 1036 daAuts
     D:1: 856 daAuts
     D:3: 621 daAuts
     D:4: 175 daAuts
